Map: World of Sleepers LE

Players

SwagSurgeon - Winner!

  • Race: Protoss Protoss
  • League: Master
  • Spawn Location: 7:00

BOOOOOOOOoSH

  • Race: Zerg Zerg
  • League: Master
  • Spawn Location: 1:00

VOD

Have the link to the VOD?

Description

Time

  • Played on: Aug. 27, 2019, 4:19 p.m.
  • Length: 6:28
Show
View Real Time Build Order
Export as new Build Order

SwagSurgeon Protoss - Winner!

Build Orders:  

Get SALT Encoding   

  12  0:01  Probe  
  13  0:13  Probe  
  14  0:21  Pylon  
  14  0:25  Probe  
  15  0:35  Probe  
  16  0:43  Probe  
  16  0:44  Forge  
  17  0:54  Probe  
  18  1:07  Probe  
  18  1:09  Pylon  
  19  1:16  Assimilator  
  19  1:21  Gateway  
  19  1:28  Photon Cannon  
  19  1:35  Photon Cannon  
  19  1:38  Probe  
  20  2:07  Photon Cannon  
  20  2:09  Cybernetics Core  
  20  2:11  Photon Cannon  
  20  2:16  Photon Cannon  
  20  2:46  Nexus  
  20  2:48  Sentry  
  21  2:51  Warp Gate  
  21  2:52  Probe  
  21  2:53  Assimilator  
  22  2:58  Pylon  
  22  3:04  Probe  
  23  3:13  Adept  
  23  3:17  Probe  
  24  3:22  Shield Battery, Pylon  
  26  3:29  Probe  
  27  3:41  Probe  
  28  3:48  Stargate  
  28  3:50  Probe  
  29  3:58  Probe  
  29  4:07  Probe  
  29  4:08  Probe  
  32  4:17  Pylon  
  32  4:19  Probe  
  32  4:20  Probe  
  34  4:31  Probe  
  34  4:32  Probe  
  34  4:33  Oracle  
  34  4:37  Gateway  
  36  4:43  Pylon  
  39  4:51  Sentry  
  40  5:19  Adept  
  41  5:23  Gateway  
  41  5:39  Adept x2  
  41  5:42  Pylon  
  37  5:57  Adept  
  39  6:05  Adept  
  39  6:08  Shield Battery  
  39  6:10  Pylon  
  41  6:23  Adept  
  41  6:27  Pylon  
Show
View Real Time Build Order
Export as new Build Order

BOOOOOOOOoSH Zerg 

Build Orders: Hatch First, Zergling Baneling 

Get SALT Encoding   

  12  0:00  Drone  
  13  0:09  Drone  
  14  0:22  Extractor  
  14  0:23  Drone  
  15  0:42  Drone, Extractor, Hatchery  
  14  0:58  Spawning Pool  
  14  1:02  Drone  
  14  1:10  Overlord  
  14  1:29  Drone x2  
  16  1:45  Metabolic Boost  
  16  1:46  Zergling x2  
  17  1:49  Queen  
  17  1:52  Zergling x2  
  20  1:55  Zergling x2  
  20  1:58  Zergling x2  
  22  2:01  Zergling x2  
  22  2:05  Zergling x2  
  24  2:12  Zergling x2  
  25  2:22  Zergling x2  
  26  2:28  Zergling x4  
  25  2:37  Zergling x4  
  26  2:49  Baneling Nest  
  25  3:01  Overlord  
  25  3:02  Overlord  
  25  3:21  Zergling x2  
  25  3:22  Zergling x4  
  28  3:35  Zergling x6  
  31  3:52  Zergling x2  
  31  3:53  Zergling x2  
  31  3:55  Baneling x7  
  33  3:56  Baneling  
  33  3:59  Zergling x2  
  34  4:14  Zergling x2  
  35  4:27  Zergling x6  
  38  4:44  Overlord x2  
  28  5:14  Zergling x4  
  28  5:24  Zergling x10  
  32  5:31  Zergling x2  
  33  5:42  Zergling x2  
  33  5:57  Zergling x6  
  33  6:03  Zergling x2  
Tags
 
Add a new tag
Caveats
  • Supply blocks, unpowered buildings, or Contaminate may cause inaccurate times.
  • Supply counts are checked every 10 seconds.